 Dungeon Crawl Stone Soup version 0.30-a0-857-gcaf70739d4 (webtiles) character file.

Game seed: 16954242121613979684

101730 runemasterragnar the Earth Mage (level 16, -11/101 HPs)
             Began as a Gargoyle Earth Elementalist on Mar 5, 2023.
             Was a High Priest of Vehumet.
             Mangled by Agnes
             ... wielding a +6 lajatang of speed
              (14 damage)
             ... on level 3 of the Lair of Beasts.
             The game lasted 01:26:15 (36236 turns).

runemasterragnar the Earth Mage (GrEE)             Turns: 36236, Time: 01:26:16

Health: -11/101    AC: 23    Str: 17    XL:     16   Next: 31%
Magic:  3/31       EV: 27    Int: 22    God:    Vehumet [*****.]
Gold:   1610       SH:  8    Dex:  9    Spells: 5/38 levels left

rFire   . . .      SeeInvis .    N - +2 short sword (venom)
rCold   + . .      Faith    .    x - +3 buckler
rNeg    + + .      Spirit   .    I - +2 robe {Archmagi}
rPois   ∞          Reflect  .    r - +2 helmet
rElec   +          Rampage  .    (no cloak)
rCorr   +          Archmagi +    e - +2 pair of gloves
Will    +....                    Q - +0 pair of boots
Stlth   ++                       G - amulet of the acrobat
HPRegen 0.36/turn                u - ring of resist corrosion
MPRegen 0.22/turn                p - ring of positive energy

@: liquefying, acrobatic, flying, hasted, slowed movement, quick
A: sickness immunity, AC +12, big wings, negative energy resistance 1,
electricity resistance, torment resistance 1, petrification resistance, cold
resistance 1, strong 1, sturdy frame 1
a: Renounce Religion


You were on level 3 of the Lair of Beasts.
You worshipped Vehumet.
Vehumet was extremely pleased with you.
You visited 6 branches of the dungeon, and saw 25 of its levels.
You also visited: Bailey and Gauntlet.

You collected 2427 gold pieces.
You spent 817 gold pieces at shops.

Inventory:

Hand Weapons
 w - a +4 short sword of electrocution
 D - a +1 demon blade of pain
 K - a +4 dagger of freezing
 N - a +2 short sword of venom (weapon)
Armour
 e - a +2 pair of gloves (worn)
 h - a +1 helmet of intelligence
 i - a +2 robe of cold resistance
 r - a +2 helmet (worn)
 x - a +3 buckler (worn)
 y - the +3 hat of Altruism {rCorr Str+3 Dex-2}
   (You found it in a Gauntlet)

   Str:       It affects your strength (+3).
   Dex:       It affects your dexterity (-2).
   rCorr:     It protects you from acid and corrosion.
 I - a +2 robe of the Archmagi (worn)
 Q - a +0 pair of boots (worn)
Magical Staves
 d - a staff of death
Jewellery
 p - a ring of positive energy (right hand)
 u - a ring of resist corrosion (left hand)
 G - an amulet of the acrobat (around neck)
 L - a ring of wizardry
 S - a +5 ring of evasion
 Y - a ring of ice
Wands
 l - a wand of polymorph (3)
 C - a wand of mindburst (10)
 J - a wand of flame (21)
 R - a wand of digging (6)
 T - a wand of iceblast (9)
 V - a wand of paralysis (2)
 X - a wand of acid (2)
Scrolls
 a - 7 scrolls of identify
 g - 2 scrolls of silence
 k - 5 scrolls of amnesia
 n - 5 scrolls of immolation
 t - 2 scrolls of brand weapon
 v - a scroll of poison
 F - 2 scrolls of magic mapping
 P - 4 scrolls of enchant weapon
 Z - 3 scrolls of vulnerability
Potions
 c - 5 potions of might
 f - 3 potions of brilliance
 j - 4 potions of ambrosia
 m - 2 potions of berserk rage
 o - a potion of resistance
 q - 6 potions of attraction
 A - 2 potions of lignification
 B - 8 potions of curing
 H - 5 potions of cancellation
 M - 2 potions of haste
 O - 2 potions of mutation


   Skills:
 - Level 12.0 Fighting
 - Level 4.5 Dodging
 - Level 2.1 Stealth
 - Level 5.6 Shields
 + Level 11.7 Spellcasting
 * Level 16.7 Conjurations
 - Level 6.6 Hexes
 - Level 1.1 Transmutations
 * Level 17.9 Earth Magic


You had 5 spell levels left.
You knew the following spells:

 Your Spells              Type           Power      Damage    Failure   Level
a - Sandblast             Erth           100%       2d20      0%          1
b - Passwall              Tmut/Erth      58%        N/A       1%          2
c - Stone Arrow           Conj/Erth      100%       3d13      0%          3
d - Petrify               Tmut/Erth      70%        N/A       1%          4
e - Leda's Liquefaction   Hex/Erth       39%        N/A       1%          4
f - Lehudib's Crystal Sp  Conj/Erth      46%        10d11     10%         8
g - Iron Shot             Conj/Erth      46%        9d9       1%          6
h - Lee's Rapid Deconstr  Erth           47%        3d23*     1%          5

Your spell library contained the following spells:

 Spells                   Type           Power      Damage    Failure   Level
 Fireball                 Conj/Fire      32%        3d14      1%          5
 Freeze                   Ice            76%        1d8       1%          1
 Mephitic Cloud           Conj/Pois/Air  54%        N/A       1%          3
 Tukima's Dance           Hex            58%        N/A       1%          3
 Irradiate                Conj/Tmut      34%        3d23      1%          5
 Ensorcelled Hibernation  Hex/Ice        82%        N/A       2%          2
 Poisonous Vapours        Pois/Air       38%        N/A       2%          2
 Portal Projectile        Hex/Tloc       82%        N/A       4%          3
 Summon Guardian Golem    Hex/Summ       41%        N/A       4%          3
 Freezing Cloud           Conj/Ice/Air   27%        6-21      5%          5
 Apportation              Tloc           38%        N/A       6%          1
 Necrotise                Necr           76%        1d7       6%          1
 Summon Small Mammal      Summ           76%        N/A       6%          1
 Yara's Violent Unravell  Hex/Tmut       22%        3d10      11%         5
 Olgreb's Toxic Radiance  Pois           19%        N/A       17%         4
 Call Canine Familiar     Summ           19%        N/A       19%         3
 Ozocubu's Armour         Ice            19%        N/A       19%         3
 Swiftness                Air            19%        N/A       19%         3
 Vampiric Draining        Necr           19%        2d7       19%         3
 Metabolic Englaciation   Hex/Ice        20%        N/A       43%         5
 Silence                  Hex/Air        20%        N/A       43%         5
 Manifold Assault         Tloc           19%        N/A       54%         4
 Passage of Golubria      Tloc           19%        N/A       54%         4
 Blade Hands              Tmut           13%        N/A       75%         5
 Agony                    Necr           19%        N/A       87%         5
 Orb of Destruction       Conj           46%        9d12      1%          7
 Spellforged Servitor     Conj/Summ      32%        N/A       38%         7
 Dispersal                Tloc           9%         N/A       100%        6
 Simulacrum               Ice/Necr       9%         N/A       100%        6
 Dragon Form              Tmut           13%        N/A       100%        7
 Ozocubu's Refrigeration  Ice            9%         4d9       100%        7
 Storm Form               Tmut/Air       11%        N/A       100%        7
 Disjunction              Tloc           9%         N/A       100%        8
 Ignition                 Fire           9%         3d5       100%        8
 Cigotuvi's Dreadful Rot  Necr/Pois/Air  Unusable   N/A       N/A         2

Dungeon Overview and Level Annotations

Branches:
Dungeon (14/15)            Temple (1/1) D:5            Lair (5/5) D:10
  Swamp (2/4) Lair:2       Spider (1/4) Lair:3        Slime (0/5) Lair:4
    Orc (2/2) D:10            Elf (0/3) Orc:2        Vaults (0/5) D:13
 Bailey (visited)         Gauntlet (visited)

Altars:
Ashenzari
Cheibriados
Dithmenos
Elyvilon
Fedhas
Gozag
Hepliaklqana
Kikubaaqudgha
Makhleb
Nemelex Xobeh
Qazlal
Ru
Sif Muna
Trog
Uskayaw
Vehumet
Wu Jian
Xom
Yredelemnul
Zin
The Shining One
Jiyva

Shops:
D:9 :   Orc:2 [(*!

Annotations:
D:7 3 runed translucent doors, demibob's ghost, novice DsWn
D:8 Gastronok
D:14 3 runed translucent doors, themarg's ghost, journeyman MfSu
Temple 2 transporters
Lair:1 1 runed translucent door, Kufaut's ghost, journeyman MiBe
Lair:3 Agnes
Lair:4 3 runed translucent doors, Zvl3's ghost, journeyman MiMo; patfeehan111222's ghost, journeyman MiBe
Lair:5 exclusion: oklob plant


Innate Abilities, Weirdness & Mutations

You are immune to sickness and miasma.
Your stone body is resilient. (AC +12)
You are immune to poison.
Your large and strong wings let you fly.
You resist negative energy. (rN+)
You are resistant to electric shocks. (rElec)
You are resistant to unholy torment.
You are immune to petrification.
Your flesh is cold resistant. (rC+)
Your muscles are strong. (Str +4, Int/Dex -1)
Your movements are slightly less encumbered by armour. (ER -2)


Message History

Your extra speed is starting to run out.
Agnes says, "It is my duty to kill you, but also my pleasure."
Agnes attacks as you move away!
Agnes hits you with a +6 lajatang of speed.
Agnes attacks as you move away! You block Agnes's attack.
You feel yourself slow down.
Agnes becomes momentarily stuck in the liquid earth.
Agnes becomes momentarily stuck in the liquid earth.
Agnes attacks as you move away!
Agnes becomes momentarily stuck in the liquid earth.
Agnes hits you with a +6 lajatang of speed!
* * * LOW HITPOINT WARNING * * *
You feel yourself speed up. Agnes hits you but does no damage.
Agnes hits you with a +6 lajatang of speed!
* * * LOW HITPOINT WARNING * * *
Agnes misses you.
Okay, then.
Okay, then.
Okay, then.
Unknown command.
Aiming: Paralyse
Press: ? - help, Shift-Dir - straight line, f/p - Agnes
Aim: Agnes, wielding a +6 lajatang of speed and wearing a +2 robe of cold resistance (lightly wounded, covering ground slowly, chance to affect: 1%)
Okay, then.
Casting: Lehudib's Crystal Spear (quite dangerous; 10% risk of failure)
Confirm with . or Enter, or press ? or * to list all spells.
Okay, then.
Casting: Lehudib's Crystal Spear (quite dangerous; 10% risk of failure)
Confirm with . or Enter, or press ? or * to list all spells.
Aiming: Petrify (mildly dangerous; 1% risk of failure)
Press: ? - help, Shift-Dir - straight line, f/p - Agnes
Aim: Agnes, wielding a +6 lajatang of speed and wearing a +2 robe of cold resistance (lightly wounded, covering ground slowly, chance to affect: 15%)
You feel a surge of power!
Agnes resists with almost no effort.
Agnes hits you with a +6 lajatang of speed!
* * * LOW HITPOINT WARNING * * *
Agnes becomes momentarily stuck in the liquid earth.
Your magical contamination has completely faded away.
Agnes attacks as you move away!
Agnes hits you with a +6 lajatang of speed!
You die...

###.########### ####### ###
.P##..#.##P##.####.##.P###P##
............................#
.......P.##..PP.............##
....##########...............#
......######.#P.....#...#...##
..............+...##..##.#..#
...............i..##....##..#
.....P#.....#.#.@.##........#
#...###.....###..<##........##
....##....####..#######.#P...#
....###.#### ###.......###..##
.....#####.###.#..###..#.#..##
..............#..#.#.#..#....#
..............####.>.####...##
..............#..#.#.#..#...#
............<..#..###..#....#


You could see Agnes (struggling).

Vanquished Creatures
  Donald (Orc:2)
  2 thorn hunters (Swamp:2)
  Aizul (Swamp:2)
  An orc warlord (Orc:2)
  A ghoul (Swamp:2)
  3 eleionomae (Swamp:1)
  A bunyip (Swamp:1)
  A minotaur (Gauntlet)
  A dire elephant (Lair:5)
  A blizzard demon (Gauntlet)
  A shambling mangrove (Swamp:2)
  2 vault guards (D:13)
  Erolcha (Orc:1)
  A ghost crab (Swamp:1)
  4 centaur warriors
  A catoblepas (Lair:5)
  4 boulder beetles
  5 hydras
  3 two-headed ogres
  4 alligators (Swamp:1)
  2 orc high priests (Orc:2)
  Urug (D:12)
  A goliath frog (Swamp:1)
  2 spriggan druids (Swamp:1)
  A bog body (Lair:2)
  3 swamp dragons
  2 orc knights (Orc:2)
  A necromancer (Lair:3)
  3 lindwurms (Lair:5)
  5 manticores
  4 oklob plants
  5 orc sorcerers
  An ugly thing (D:13)
  4 cyclopes
  A will-o-the-wisp (Swamp:1)
  An elephant (D:10)
  Maurice (D:12)
  8 black mambas
  An unseen horror (D:12)
  3 torpor snails
  11 cane toads
  5 kobold demonologists
  8 rime drakes
  6 komodo dragons
  A meliai (Lair:3)
  A bloated husk (Swamp:2)
  11 polar bears
  4 trolls
  4 tyrant leeches
  2 tarantellas (Spider:1)
  8 hornets
  3 dream sheep
  4 blink frogs (Lair:4)
  A raiju (Lair:5)
  3 vampires
  A jumping spider (Spider:1)
  A culicivora (Spider:1)
  4 flying skulls (Gauntlet)
  5 slime creatures (D:12)
  5 spriggans (Swamp:1)
  6 wyverns
  A wraith (D:9)
  6 basilisks
  11 humans
  47 yaks
  A redback (Spider:1)
  12 vampire mosquitoes
  8 wargs
  7 swamp worms
  7 water moccasins
  16 hell hounds (Lair:5)
  36 orc warriors
  6 ice beasts
  14 black bears
  35 wolves
  13 centaurs
  8 ogres
  A phantom (D:7)
  Blork the orc (D:4)
  2 kobold brigands
  12 bullfrogs
  A gnoll sergeant (D:10)
  A scorpion (D:5)
  5 wights (D:7)
  21 killer bees
  4 howler monkeys
  5 electric eels
  4 hounds
  16 orc priests
  3 iguanas
  2 sleepcaps
  21 orc wizards
  3 yak simulacra (Lair:3)
  3 wolf simulacra (Lair:3)
  A polar bear simulacrum (Lair:3)
  3 gnolls (D:4)
  10 adders
  A shadow imp (D:6)
  2 white imps (Gauntlet)
  An ufetubus (D:4)
  2 worms (D:2)
  4 dart slugs
  94 orcs
  9 endoplasms
  2 giant cockroaches
  8 goblins
  2 hobgoblins (D:4)
  12 jackals
  3 quokkas
  6 ball pythons
  15 bats
  2 frilled lizards
  20 kobolds
  3 rats
  4 river rat simulacra (Lair:3)
  A briar patch (Swamp:2)
  A butterfly (Lair:5)
722 creatures vanquished.

Vanquished Creatures (others)
  3 humans (D:13)
  2 orc wizards (Orc:2)
  An orc (Orc:2)
  6 briar patches (Swamp:2)
  4 foxfires (Swamp:2)
  29 fungi
  86 plants
  10 withered plants
141 creatures vanquished.

Grand Total: 863 creatures vanquished

Notes
Turn   | Place    | Note
-------+----------+-------------------------------------------
     0 | D:1      | runemasterragnar the Gargoyle Earth Elementalist began the
                  | quest for the Orb.
     0 | D:1      | Reached XP level 1. HP: 10/10 MP: 3/3
   162 | D:1      | Reached XP level 2. HP: 15/16 MP: 0/5
   417 | D:1      | Reached skill level 4 in Earth Magic
   436 | D:1      | Reached skill level 1 in Transmutations
   850 | D:2      | Reached XP level 3. HP: 15/20 MP: 3/6
   913 | D:1      | Reached skill level 1 in Fighting
   997 | D:2      | Learned a level 2 spell: Passwall
  1001 | D:2      | Learned a level 3 spell: Stone Arrow
  1404 | D:2      | Reached XP level 4. HP: 25/25 MP: 4/7
  1740 | D:2      | Reached skill level 1 in Conjurations
  2386 | D:3      | Found a faded altar of an unknown god.
  2514 | D:3      | Reached XP level 5. HP: 27/30 MP: 5/8
  2671 | D:4      | Noticed Blork the orc
  2719 | D:4      | Noticed an ogre
  2727 | D:4      | Killed an ogre
  2728 | D:4      | Reached skill level 5 in Earth Magic
  2813 | D:4      | Killed Blork the orc
  2814 | D:4      | Reached XP level 6. HP: 23/35 MP: 3/10
  3004 | D:4      | Noticed a wyvern
  3093 | D:5      | Entered Level 5 of the Dungeon
  3170 | D:5      | Reached skill level 6 in Earth Magic
  3170 | D:5      | Reached XP level 7. HP: 24/40 MP: 7/11
  3524 | D:5      | Found a staircase to the Ecumenical Temple.
  3600 | Temple   | Entered the Ecumenical Temple
  3600 | Temple   | Found a transporter.
  3600 | Temple   | Found a transporter.
  3602 | Temple   | Found a transporter.
  3602 | Temple   | Found a transporter.
  3617 | Temple   | Became a worshipper of Vehumet
  4035 | D:5      | Reached XP level 8. HP: 46/46 MP: 8/13
  4386 | D:4      | Killed a wyvern
  4387 | D:4      | Reached skill level 7 in Earth Magic
  5185 | D:6      | Found a hide-covered altar of Uskayaw.
  5277 | D:6      | Learned a level 4 spell: Petrify
  5459 | D:6      | Reached skill level 5 in Conjurations
  5483 | D:6      | Found a shadowy altar of Dithmenos.
  6384 | D:7      | Learned a level 4 spell: Leda's Liquefaction
  6391 | D:7      | Reached skill level 8 in Earth Magic
  6441 | D:7      | Found a runed translucent gate.
  6441 | D:7      | Identified the +0 chain mail "Eciurchox" {rPois rF+ Regen+}
  6442 | D:7      | Found a runed translucent gate.
  6443 | D:7      | Noticed demibob's ghost (novice DsWn)
  6444 | D:7      | Found a runed translucent gate.
  6447 | D:7      | Reached skill level 1 in Hexes
  6447 | D:7      | Reached XP level 9. HP: 52/52 MP: 8/15
  6797 | D:7      | Reached skill level 5 in Fighting
  6797 | D:7      | Reached skill level 9 in Earth Magic
  6973 | D:7      | Reached * piety under Vehumet
  6973 | D:7      | Offered knowledge of Freeze by Vehumet.
  7236 | D:7      | Reached skill level 5 in Spellcasting
  7866 | D:8      | Noticed Gastronok
  8001 | D:8      | Gained mutation: You occasionally shout uncontrollably at
                  | your foes. [potion of mutation]
  8002 | D:8      | Lost mutation: You occasionally shout uncontrollably at
                  | your foes. [potion of mutation]
  8002 | D:8      | Gained mutation: Your flesh is cold resistant. (rC+)
                  | [potion of mutation]
  8002 | D:8      | Gained mutation: Your movements are slightly less
                  | encumbered by armour. (ER -2) [potion of mutation]
  8002 | D:8      | Gained mutation: Your muscles are strong. (Str +4, Int/Dex
                  | -1) [potion of mutation]
  8058 | D:8      | Reached XP level 10. HP: 52/59 MP: 13/17
  8097 | D:8      | Found a basalt altar of Yredelemnul.
  8130 | D:8      | Reached skill level 1 in Shields
  8323 | D:8      | Reached skill level 10 in Earth Magic
  8469 | D:8      | Found a shimmering altar of Xom.
  8542 | D:8      | Noticed a two-headed ogre
  8546 | D:8      | Killed a two-headed ogre
  8754 | D:9      | Found a sacrificial altar of Ru.
  8756 | D:9      | Noticed a kobold demonologist
  8758 | D:9      | Killed a kobold demonologist
  8758 | D:9      | Noticed a kobold demonologist
  8767 | D:9      | Noticed a rust devil
  8767 | D:9      | Killed a kobold demonologist
  8768 | D:9      | Reached skill level 5 in Hexes
  8886 | D:9      | Found a flagged portal.
  8899 | D:9      | Noticed a kobold demonologist
  8906 | D:9      | Killed a kobold demonologist
  8912 | Bailey   | Entered a bailey
  9215 | Bailey   | Offered knowledge of Momentum Strike by Vehumet.
  9226 | Bailey   | Reached ** piety under Vehumet
  9609 | Bailey   | Reached skill level 11 in Earth Magic
  9953 | D:9      | Reached XP level 11. HP: 66/66 MP: 15/20
 10052 | D:9      | Offered knowledge of Hailstorm by Vehumet.
 10187 | D:9      | Noticed a two-headed ogre
 10190 | D:9      | Killed a two-headed ogre
 10328 | D:9      | Found a glowing silver altar of Zin.
 10487 | D:9      | Reached *** piety under Vehumet
 10666 | D:9      | Found Xaex Bezxi's Book Shop.
 10858 | D:10     | Entered Level 10 of the Dungeon
 11094 | D:10     | Reached XP level 12. HP: 58/72 MP: 6/21
 11107 | D:9      | Bought a book of the Moon for 600 gold pieces
 11116 | D:9      | Learned a level 8 spell: Lehudib's Crystal Spear
 11205 | D:10     | Noticed a two-headed ogre
 11379 | D:9      | Reached skill level 12 in Earth Magic
 11586 | D:10     | Offered knowledge of Frozen Ramparts by Vehumet.
 11633 | D:10     | Killed a two-headed ogre
 11793 | D:10     | Found a staircase to the Orcish Mines.
 11806 | Orc:1    | Entered Level 1 of the Orcish Mines
 11891 | Orc:1    | Noticed Erolcha
 11898 | Orc:1    | Killed Erolcha
 12146 | Orc:1    | Reached skill level 5 in Shields
 12657 | Orc:2    | Entered Level 2 of the Orcish Mines
 12874 | Orc:2    | Reached **** piety under Vehumet
 12888 | Orc:2    | Offered knowledge of Inner Flame by Vehumet.
 14125 | Orc:2    | Reached XP level 13. HP: 76/78 MP: 10/23
 14350 | Orc:2    | Reached ***** piety under Vehumet
 14475 | Orc:2    | Noticed Donald
 14492 | Orc:2    | Killed Donald
 14492 | Orc:2    | Offered knowledge of Iron Shot by Vehumet.
 14493 | Orc:2    | Reached skill level 13 in Earth Magic
 14685 | Orc:2    | Noticed an orc warlord
 14704 | Orc:2    | Killed an orc warlord
 14728 | Orc:2    | Paralysed by an orc sorcerer for 3 turns
 15250 | Orc:2    | Found Zoprobra's Distillery.
 15364 | Orc:2    | Found a staircase to the Elven Halls.
 15695 | Orc:2    | Found Uschow's Assorted Antiques.
 16160 | Orc:2    | Found Juaphutu's Antique Armour Shop.
 16162 | Orc:2    | Found Piecvyc's Antique Weapon Boutique.
 16175 | Orc:2    | Bought an embroidered hat for 217 gold pieces
 16323 | D:10     | Found a staircase to the Lair.
 16464 | D:10     | Found a broken altar of Ashenzari.
 16623 | D:10     | Learned a level 6 spell: Iron Shot
 16731 | D:10     | Found a bloodstained altar of Trog.
 16836 | D:10     | Found a hazy altar of Hepliaklqana.
 16843 | D:10     | Found a faded altar of an unknown god.
 17615 | D:11     | Offered knowledge of Starburst by Vehumet.
 18172 | D:12     | Noticed Maurice
 18351 | D:12     | Killed Maurice
 19111 | D:12     | Noticed Urug
 19118 | D:12     | Killed Urug
 19525 | D:12     | Reached skill level 14 in Earth Magic
 20490 | D:13     | Gained mutation: Your large and strong wings let you fly.
                  | [Gargoyle growth]
 20490 | D:13     | Reached XP level 14. HP: 86/86 MP: 13/27
 20896 | D:13     | Got the Compendium of Frigid Reformation
 21142 | Lair:1   | Entered Level 1 of the Lair of Beasts
 21380 | Lair:1   | Noticed Kufaut's ghost (journeyman MiBe)
 21395 | Lair:1   | Found a runed translucent door.
 21940 | Lair:2   | Reached skill level 10 in Fighting
 21993 | Lair:2   | Reached skill level 10 in Spellcasting
 22589 | Lair:2   | Found a hide-covered altar of Uskayaw.
 22635 | Lair:2   | Found an ornate altar of the Wu Jian Council.
 23654 | Lair:2   | Offered knowledge of Lee's Rapid Deconstruction by Vehumet.
 23661 | Lair:2   | Learned a level 5 spell: Lee's Rapid Deconstruction
 23717 | Lair:2   | Found a staircase to the Swamp.
 24039 | Lair:3   | Found a hole to the Spider Nest.
 24097 | Lair:3   | Reached skill level 15 in Earth Magic
 24127 | Lair:3   | Found a gate leading to a gauntlet.
 24138 | Gauntlet | Entered a Gauntlet
 24138 | Gauntlet | Found a transporter.
 24219 | Gauntlet | Found a transporter.
 24230 | Gauntlet | Found a transporter.
 24235 | Gauntlet | Found a transporter.
 24254 | Gauntlet | Found a transporter.
 24271 | Gauntlet | Found a transporter.
 24283 | Gauntlet | Found a transporter.
 24295 | Gauntlet | Found a transporter.
 24307 | Gauntlet | Found a transporter.
 24319 | Gauntlet | Found a transporter.
 24336 | Gauntlet | Found a transporter.
 24336 | Gauntlet | Found a transporter.
 24471 | Gauntlet | Found a large runed translucent door.
 24471 | Gauntlet | Found a large runed translucent door.
 24472 | Gauntlet | Found a large runed translucent door.
 24472 | Gauntlet | Found a transporter.
 24472 | Gauntlet | Found a large runed translucent door.
 24473 | Gauntlet | Found a transporter.
 24476 | Gauntlet | Found a transporter.
 24549 | Gauntlet | Found a transporter.
 24598 | Gauntlet | Identified the +3 hat of Altruism {rCorr Str+3 Dex-2}
 24718 | Gauntlet | Identified the +5 flail "Offux" {antimagic, Drain rF+++
                  | SInv}
 24718 | Gauntlet | Identified the +0 tower shield of the Dolphin {Str+3}
 26069 | Lair:4   | Found a runed translucent gate.
 26069 | Lair:4   | Found a runed translucent gate.
 26069 | Lair:4   | Found a runed translucent gate.
 26072 | Lair:4   | Noticed Zvl3's ghost (journeyman MiMo)
 26072 | Lair:4   | Noticed patfeehan111222's ghost (journeyman MiBe)
 26840 | Lair:4   | Found a viscous altar of Jiyva.
 26895 | Lair:4   | Found a staircase to the Slime Pits.
 26904 | Lair:4   | Reached XP level 15. HP: 81/93 MP: 10/29
 27437 | Lair:5   | Entered Level 5 of the Lair of Beasts
 27958 | Lair:5   | Offered knowledge of Conjure Ball Lightning by Vehumet.
 27992 | Lair:5   | Reached skill level 15 in Conjurations
 28161 | Lair:5   | Reached skill level 16 in Earth Magic
 32178 | D:13     | Found a gate to the Vaults.
 32274 | D:14     | Found a runed translucent gate.
 32274 | D:14     | Found a runed translucent gate.
 32278 | D:14     | Noticed themarg's ghost (journeyman MfSu)
 32388 | D:14     | Found a runed translucent gate.
 32863 | D:12     | Upgraded the game from 0.30-a0-852-g08b95dd62f to
                  | 0.30-a0-857-gcaf70739d4
 33112 | Swamp:1  | Entered Level 1 of the Swamp
 33211 | Swamp:1  | Reached skill level 17 in Earth Magic
 33323 | Swamp:1  | Offered knowledge of Fireball by Vehumet.
 34358 | Swamp:1  | Reached XP level 16. HP: 79/101 MP: 2/31
 35528 | Swamp:2  | Noticed a thorn hunter
 35547 | Swamp:2  | Killed a thorn hunter
 35597 | Swamp:2  | Noticed a thorn hunter
 35602 | Swamp:2  | Noticed Aizul
 35611 | Swamp:2  | Noticed a thorn hunter
 35630 | Swamp:2  | Killed Aizul
 35631 | Swamp:2  | Killed a thorn hunter
 36126 | Spider:1 | Entered Level 1 of the Spider Nest
 36183 | Spider:1 | Noticed Agnes
 36232 | Lair:3   | HP: 2/101 [Agnes/+6 lajatang of speed (14)]
 36236 | Lair:3   | Mangled by Agnes

Illustrated notes

Levels and vault maps discovered:
D:1:      matt_arrival_diagonals, layout_basic
D:2:      layout_rooms, minmay_cut_off
D:3:      layout_loops_ring, ebering_ecumenical_altar_rust, serial_bayou_pond_e
D:4:      layout_loops_ring, grunt_decor_fettered, chequers_big_river,
          nicolae_grassy_gnolls, uniq_blork_the_orc
D:5:      layout_basic, minmay_temple_entry_antechambers
D:6:      layout_gridville, kennysheep_mini, grunt_dithmenos_shadows
D:7:      layout_basic, biasface_ghost_orc_armoury, minmay_ruffians
D:8:      layout_basic, general_overflow_altar,
          mainiacjoe_overflow_concentric_impassable, uniq_gastronok
D:9:      layout_roguey, mainiacjoe_overflow_alcove_4,
          nicolae_ru_sacrificial_ziggurat, enter_bailey_6, serial_shops,
          nicolae_lakefront_shop
D:10:     layout_long_grid, beargit_hepliaklqana_dungeon_heroes,
          ashenzari_conservatory_becter, trog_book, david_lair_generic,
          erik_orc_2
D:11:     layout_loops_ring
D:12:     layout_basic, uniq_urug, uniq_maurice
D:13:     layout_roguey, ximxim_vaults_locker_room, library_closet
D:14:     layout_cave_pools, chequers_serial_rivers_room_b,
          gammafunk_ghost_spectres, kb_tengu_band
Temple:   hellmonk_temple_divided_pantheon
Lair:1:   layout_roguey, hellmonk_ghost_happy_afterlife,
          infiniplex_staircase_pool_2, lemuel_fruit_fields
Lair:2:   layout_regular_city, nicolae_swamp_entry_splash_gauntlet,
          nzn_masters_of_martial_movement
Lair:3:   layout_regular_city, hellmonk_spider_entry_not_the_bees,
          gauntlet_entry_generic, chequers_serial_rivers_micro_c,
          eino_house_with_fridge
Lair:4:   layout_layer_cave, minmay_slime_entry_oklob_enclosed,
          gammafunk_ghost_cemetery, serial_bayou_shore_b
Lair:5:   hangedman_lair_caniforms_friends, layout_cave_pods,
          hangedman_lair_in_review, columned_hall_lemuel, serial_bayou_pond_b,
          serial_bayou_shore_a, lemuel_fruit_fields
Swamp:1:  layout_falls_marsh, nicolae_swamp_long_stream, swamp_pool2,
          hangedman_swamp_grove
Swamp:2:  nicolae_swamp_phyte_club, layout_basic_swamp,
          gammafunk_ghost_wrathful_warriors, nicolae_swamp_very_dense_foliage,
          uniq_aizul
Spider:1: layout_chambers, nicolae_spider_paper_wasps, uniq_mlioglotl,
          uniq_agnes, uniq_louise
Orc:1:    layout_caves, uniq_erolcha
Orc:2:    grunt_orc_community_town_hall, layout_diamond_mine,
          grunt_orc_community_big_house_1, grunt_orc_community_big_house_1,
          grunt_orc_community_house_3, grunt_orc_community_house_1,
          grunt_orc_community_house_3, grunt_orc_community_house_1,
          grunt_orc_community_house_2, grunt_orc_community_house_2,
          roderic_batcave, uniq_donald

Skill      XL: |  1  2  3  4  5  6  7  8  9 10 11 12 13 14 15 16 |
---------------+-------------------------------------------------+-----
Earth Magic    | 4 5 6 8 9 11 12 14 15 17 | 17.9
Transmutations | 1 |  1.1
Fighting       | 1 2 3 4 5 6 7 9 10 11 12 | 12.0
Dodging        | 2 3 4 |  4.5
Conjurations   | 1 2 3 4 5 11 12 13 14 16 | 16.7
Spellcasting   | 3 4 5 6 9 10 11 | 11.7
Hexes          | 1 3 5 6 |  6.6
Shields        | 3 4 5 |  5.6
Stealth        | |  2.1

Action                     |  1- 3 |  4- 6 |  7- 9 | 10-12 | 13-15 | 16-18 || total
---------------------------+-------+-------+-------+-------+-------+-------++-------
  Melee: Unarmed           |    16 |       |       |       |       |       ||    16
         Short sword       |       |    17 |     5 |    26 |   278 |     3 ||   329
         Staff             |       |     3 |       |       |       |       ||     3
         Whip              |       |       |    72 |    39 |       |       ||   111
         Dagger            |       |       |       |       |    18 |       ||    18
   Cast: Sandblast         |    44 |    68 |    80 |   156 |   177 |       ||   525
         Stone Arrow       |       |     1 |    32 |   132 |   550 |    22 ||   737
         Leda's Liquefacti |       |       |       |    18 |    38 |     3 ||    59
         Iron Shot         |       |       |       |       |   121 |    39 ||   160
         Lee's Rapid Decon |       |       |       |       |    18 |     4 ||    22
         Petrify           |       |       |       |       |       |     1 ||     1
  Evoke: Wand              |       |       |       |     5 |    25 |     7 ||    37
    Use: Scroll            |     2 |     7 |     3 |    15 |    19 |     2 ||    48
         Potion            |       |       |     2 |     4 |     7 |    10 ||    23
   Stab: Sleeping          |       |     1 |     1 |     1 |       |       ||     3
         Paralysed         |       |       |       |       |    16 |       ||    16
 Armour: Robe              |    26 |    16 |    42 |   131 |   387 |     7 ||   609
  Dodge: Dodged            |    61 |    35 |   108 |   146 |   489 |    18 ||   857
  Block: Buckler           |       |       |     1 |    89 |   305 |    10 ||   405

Table legend: (Time is in decaauts)
 A = Elapsed time spent in this place.
 B = Non-inter-level travel time spent in this place.
 C = Inter-level travel time spent in this place.
 D = Time resting spent in this place.
 E = Time spent auto-exploring this place.
 F = Levels seen in this place.
 G = Mean time per level.
                   A        B        C        D        E       F      G
               +--------+--------+--------+--------+--------+-----+--------+
         Total |  36689 |  35339 |   1350 |   8716 |  20549 |  27 | 1358.9 |
       Dungeon |  17469 |  16638 |    831 |   2729 |  11540 |  14 | 1247.8 |
        Temple |     30 |     30 |      0 |      0 |      3 |   1 |   30.0 |
          Lair |  10049 |   9722 |    327 |   2171 |   5924 |   5 | 2009.8 |
         Swamp |   2837 |   2778 |     59 |    993 |   1372 |   2 | 1418.5 |
   Spider Nest |     68 |     68 |      0 |     16 |     16 |   1 |   68.0 |
  Orcish Mines |   4488 |   4357 |    131 |   1915 |   1387 |   2 | 2244.0 |
        Bailey |   1022 |   1022 |      0 |    731 |    141 |   1 | 1022.0 |
      Gauntlet |    721 |    721 |      0 |    159 |    165 |   1 |  721.0 |
               +--------+--------+--------+--------+--------+-----+--------+

Top non-repeatable levels by time:
  Lair:5: 3884 daAuts
  Lair:2: 2465 daAuts
   Orc:1: 2407 daAuts
 Swamp:1: 2262 daAuts
    D:12: 2174 daAuts
   Orc:2: 2081 daAuts
    D:10: 1838 daAuts
  Lair:4: 1657 daAuts
    D:13: 1634 daAuts
     D:7: 1594 daAuts
  Lair:3: 1287 daAuts
     D:9: 1280 daAuts
     D:6: 1241 daAuts
     D:4: 1241 daAuts
     D:5: 1204 daAuts
